Selects Advanced Infantry Battlegroup
Construct Weapon Support Center
Selects Convert to Ranger Squad
Selects Artillery Observers
M3 Armored Personnel Carrier
Selects Designate Assault Position
Selects M2A1 105mm Howitzer Emplacement
Selects 155mm Rapid Artillery Barrage
Construct Medical Station
155mm Rapid Artillery Barrage
Advanced Air Reconnaissance
Grasshopper High-Altitude Recon Run
155mm Rapid Artillery Barrage